 Dungeon Crawl Stone Soup version 0.27-a0-1084-g78b3836a5f (webtiles) character file.

Game seed: 2518613288995735137

1151 HoaS the Cruncher (level 8, -13/44 HPs)
             Began as a Gargoyle Gladiator on Apr 26, 2021.
             Killed from afar by a steam dragon (22 damage)
             ... with a ball of steam
             ... on level 7 of the Dungeon.
             The game lasted 00:08:51 (4673 turns).

HoaS the Cruncher (Gargoyle Gladiator)              Turns: 4673, Time: 00:08:52

Health: -13/44     AC: 17    Str: 20    XL:     8   Next: 38%
Magic:  8/8        EV:  6    Int:  9    God:
Gold:   310        SH:  0    Dex: 11    Spells: 7/7 levels left

rFire    . . .     SeeInvis .   a - +0 quarterstaff
rCold    + . .     Faith    .   (shield currently unavailable)
rNeg     + . .     Spirit   .   j - +0 plate armour
rPois    ∞         Reflect  .   c - +0 helmet
rElec    +         Harm     .   (no cloak)
rCorr    .         Rampage  .   (no gloves)
Will     .....                  b - +0 pair of boots
Stlth    ..........             (no amulet)
HPRegen  0.14/turn              q - ring of protection from cold
MPRegen  0.11/turn              (no ring)

@: no status effects
A: AC +5, negative energy resistance 1, electricity resistance, torment
resistance 1, unbreathing 1, petrification resistance
a: no special abilities


You were on level 7 of the Dungeon.
You visited 1 branch of the dungeon, and saw 7 of its levels.

You collected 310 gold pieces.

Inventory:

Hand Weapons
 a - a +0 quarterstaff (weapon)
Missiles
 f - 75 arrows
 i - 14 poisoned darts (quivered)
 k - 6 boomerangs
 m - 7 atropa-tipped darts
Armour
 b - a +0 pair of boots (worn)
 c - a +0 helmet (worn)
 j - a +0 plate armour (worn)
Jewellery
 q - a ring of protection from cold (left hand)
Scrolls
 n - 2 scrolls of fear
 u - a scroll of immolation {unknown}
Potions
 d - a potion of cancellation {unknown}
 e - a potion of resistance
 g - a potion of mutation
 h - a potion of berserk rage
 l - a potion of flight {unknown}
 o - a potion of attraction {unknown}
 p - a potion of invisibility {unknown}
 r - a potion of curing {unknown}
 s - a potion of ambrosia {unknown}


   Skills:
 - Level 2.1 Fighting
 + Level 10.1 Staves
 - Level 1.7 Throwing
 - Level 2.4 Dodging


You had 7 spell levels left.
You didn't know any spells.
Your spell library contained the following spells:

 Spells                   Type           Power      Damage    Failure   Level
 Animate Skeleton         Necr           0%         N/A       100%        1
 Apportation              Tloc           0%         N/A       100%        1
 Beastly Appendage        Tmut           0%         N/A       100%        1
 Pain                     Necr           0%         1d4       100%        1
 Wereblood                Tmut           0%         N/A       100%        2
 Confusing Touch          Hex            0%         N/A       100%        3
 Gell's Gravitas          Tloc           0%         N/A       100%        3
 Lesser Beckoning         Tloc           0%         N/A       100%        3
 Spider Form              Tmut/Pois      0%         N/A       100%        3
 Tukima's Dance           Hex            0%         N/A       100%        3
 Vampiric Draining        Necr           0%         2d6       100%        3
 Animate Dead             Necr           0%         N/A       100%        4
 Ice Form                 Ice/Tmut       0%         N/A       100%        4
 Petrify                  Tmut/Erth      0%         N/A       100%        4
 Agony                    Necr           0%         N/A       100%        5
 Alistair's Intoxication  Tmut/Pois      0%         N/A       100%        5
 Hydra Form               Tmut           0%         N/A       100%        5
 Metabolic Englaciation   Hex/Ice        0%         N/A       100%        5
 Yara's Violent Unravell  Hex/Tmut       0%         3d3       100%        5
 Invisibility             Hex            0%         N/A       100%        6


Dungeon Overview and Level Annotations

Branches:
Dungeon (8/15)
 Temple: D:4-7         Lair: D:8-11

Altars:
Makhleb
Vehumet

Shops:
D:8 [

Annotations:
D:3 2 runed translucent doors, PeterMcNeter's ghost, amateur OpFE


Innate Abilities, Weirdness & Mutations

Your stone body is resilient. (AC +5)
You are immune to poison.
You resist negative energy. (rN+)
You are resistant to electric shocks. (rElec)
You are resistant to unholy torment.
You can survive without breathing.
You are immune to petrification.


Message History

The jelly hits you but does no damage.
You completely miss the jelly.
The jelly is heavily wounded.
You hit the jelly.
Your hands burn!
The jelly is almost dead.
The jelly hits you but does no damage.
You hit the jelly.
Your hands burn!
The jelly is almost dead.
The jelly hits you.
You are splashed with acid!
* * * LOW HITPOINT WARNING * * *
You sock the jelly!
You kill the jelly!
You start resting.
You are no longer corroded.
You start resting.
A centaur comes into view.
Okay, then.
Blink to where?
Press: ? - help, Dir - move target
As you read the scroll of blinking, it crumbles to dust.
A steam dragon comes into view.
The centaur shouts!
The steam dragon hisses angrily.
You hear an angry hiss.
The centaur hits you but does no damage.
The centaur kicks you but does no damage.
A steam dragon comes into view.
The centaur hits you.
* * * LOW HITPOINT WARNING * * *
The centaur barely misses you.
Found 10 gold pieces.
Found a stone staircase leading down and two stone staircases leading up.
You completely miss the centaur.
The centaur hits you but does no damage.
The centaur kicks you but does no damage.
You hit the centaur but do no damage.
The centaur hits you but does no damage.
The centaur kicks you but does no damage.
The steam dragon breathes steam at you. The ball of steam hits you!!
Ouch! That really hurt!
You die...

#####...#####..
...............
#.#.##.......D<
..$.........§..
#..#.......§...
####..#....D§.....
###..........§....$.
#...........@c......
#...................
##.........?........
#........>.........
##.>...###.....#..>
##....# ....<.. ..
#(..## ....#... .
....# #..#...#..
##...


You could see a steam dragon and a centaur.

Vanquished Creatures
  Grinder (D:3)
  A wyvern (D:8)
  An ice beast (D:8)
  A sky beast (D:5)
  2 ogres (D:4)
  A scorpion (D:4)
  A howler monkey (D:8)
  A crimson imp (D:3)
  A jelly (D:7)
  2 orc priests
  An iguana (D:4)
  An orc wizard (D:4)
  A hound zombie (D:5)
  2 hound skeletons
  4 adders
  2 ufetubi
  An adder skeleton (D:4)
  A dart slug (D:1)
  19 orcs
  3 endoplasms
  6 giant cockroaches (D:1)
  9 hobgoblins
  13 jackals
  6 kobolds
  5 quokkas
  5 ball pythons
  7 bats
  4 frilled lizards
  4 goblins
  5 rats
111 creatures vanquished.

Notes
Turn   | Place    | Note
-------+----------+-------------------------------------------
     0 | D:1      | HoaS the Gargoyle Gladiator began the quest for the Orb.
     0 | D:1      | Reached XP level 1. HP: 12/12 MP: 1/1
   192 | D:1      | Reached XP level 2. HP: 12/17 MP: 2/2
   646 | D:1      | Found a faded altar of an unknown god.
   657 | D:1      | Reached skill level 4 in Staves
   667 | D:1      | Reached XP level 3. HP: 19/21 MP: 3/3
  1312 | D:2      | Reached XP level 4. HP: 26/26 MP: 4/4
  1614 | D:2      | Reached skill level 5 in Staves
  1999 | D:3      | Noticed Grinder
  2003 | D:3      | Paralysed by Grinder for 3 turns
  2022 | D:3      | Killed Grinder
  2023 | D:3      | Reached skill level 6 in Staves
  2023 | D:3      | Reached XP level 5. HP: 20/30 MP: 5/5
  2023 | D:3      | Reached XP level 6. HP: 23/35 MP: 6/6
  2239 | D:3      | Found a runed translucent door.
  2243 | D:3      | Noticed PeterMcNeter's ghost (amateur OpFE)
  2335 | D:3      | Found a runed translucent door.
  2672 | D:3      | Found a burning altar of Makhleb.
  2672 | D:3      | Found a radiant altar of Vehumet.
  2696 | D:3      | Reached skill level 7 in Staves
  3260 | D:4      | Reached XP level 7. HP: 34/40 MP: 7/7
  3296 | D:4      | Reached skill level 8 in Staves
  3936 | D:5      | Entered Level 5 of the Dungeon
  4037 | D:5      | Reached skill level 9 in Staves
  4118 | D:5      | You fall into a shaft and drop 3 floors!
  4153 | D:8      | Reached XP level 8. HP: 26/44 MP: 8/8
  4290 | D:8      | Found Xivujy's Antique Armour Emporium.
  4433 | D:8      | Noticed a wyvern
  4446 | D:8      | Killed a wyvern
  4447 | D:8      | Reached skill level 10 in Staves
  4673 | D:7      | Killed from afar by a steam dragon

Illustrated notes

Levels and vault maps discovered:
D:1:      grunt_arrival_crossed_arrows, layout_basic,
          hellmonk_ecumenical_altar_lost_god
D:2:      layout_loops_corners, corexii_hall_statues_t, minmay_misc_feat_roman
D:3:      layout_basic, grunt_temple_overflow_lords_of_destruction,
          ebering_ghost_sewer_f, glass_columns_b, uniq_grinder
D:4:      layout_basic
D:5:      layout_cave_pools, kennysheep_generic_room_7
D:7:      layout_rooms, minmay_temple_entry_proselytizer,
          grunt_decor_one_mirror, hangedman_decor_riveting
D:8:      layout_cave_pools, riverfiend_overflow_shadow_ancestor, serial_shops,
          shop, special_room [special_room_orc]

Skill      XL: |  1  2  3  4  5  6  7  8 |
---------------+-------------------------+-----
Staves         | 4 6 7 9 10 | 10.1
Fighting       | |  2.1
Throwing       | |  1.7
Dodging        | |  2.4

Action                   |  1- 3 |  4- 6 |  7- 9 || total
-------------------------+-------+-------+-------++-------
Melee: Quarterstaff      |   122 |   128 |   133 ||   383
Throw: Dart              |       |    10 |     1 ||    11
       Throwing net      |       |       |     4 ||     4
       Boomerang         |       |       |     1 ||     1
  Use: Scroll            |     1 |     4 |     5 ||    10
 Stab: Held in net/web   |       |       |     2 ||     2
Armor: Leather armour    |    21 |       |       ||    21
       Ring mail         |    33 |     1 |       ||    34
       Plate armour      |       |    71 |    87 ||   158
       Chain mail        |       |     1 |       ||     1
Dodge: Dodged            |    98 |    27 |    25 ||   150

Table legend: (Time is in decaauts)
 A = Elapsed time spent in this place.
 B = Non-inter-level travel time spent in this place.
 C = Inter-level travel time spent in this place.
 D = Time resting spent in this place.
 E = Time spent auto-exploring this place.
 F = Levels seen in this place.
 G = Mean time per level.
                   A        B        C        D        E       F      G
               +--------+--------+--------+--------+--------+-----+--------+
         Total |   4661 |   4489 |    172 |   1125 |   2544 |   7 |  665.9 |
       Dungeon |   4661 |   4489 |    172 |   1125 |   2544 |   7 |  665.9 |
               +--------+--------+--------+--------+--------+-----+--------+

Top non-repeatable levels by time:
     D:1: 1133 daAuts
     D:3: 998 daAuts
     D:4: 940 daAuts
     D:2: 869 daAuts
     D:8: 514 daAuts
     D:5: 176 daAuts
     D:7: 28 daAuts
